Map: Dusk Towers

Players

LilDicky - Winner!

  • Race: Terran Terran
  • League: Diamond

PrimoPolanco

  • Race: Terran Terran
  • League: Platinum

VOD

http://www.twitch.tv/tumescentpie

Description

Time

  • Played on: Nov. 27, 2015, 1:02 p.m.
  • Length: 17:10
Show
View Real Time Build Order
Export as new Build Order

LilDicky Terran - Winner!

Build Orders: MMM Bio 

Get SALT Encoding   

  12  0:01  SCV  
  13  0:13  SCV  
  14  0:17  Supply Depot  
  14  0:30  SCV  
  15  0:41  Refinery  
  15  0:45  Barracks  
  15  0:46  SCV  
  16  0:58  SCV  
  17  1:12  SCV  
  17  1:17  Barracks  
  18  1:19  Barracks  
  18  1:24  SCV  
  19  1:28  Refinery  
  19  1:33  Reaper  
  20  1:42  Supply Depot  
  20  1:58  Orbital Command  
  20  2:05  Reaper  
  20  2:08  Reaper  
  22  2:14  Reaper  
  23  2:24  SCV  
  24  2:35  Supply Depot  
  24  2:36  SCV  
  25  2:37  Reaper  
  25  2:40  Reaper  
  27  2:46  Reaper  
  27  2:48  SCV  
  29  2:55  Supply Depot  
  29  3:00  SCV  
  30  3:09  Reaper  
  30  3:12  Reaper  
  32  3:19  SCV  
  33  3:29  Command Center  
  33  3:38  SCV  
  33  3:40  Factory  
  35  3:51  Barracks Tech Lab  
  35  3:52  Barracks Tech Lab  
  35  3:54  SCV  
  34  3:59  Barracks Reactor  
  34  4:04  Engineering Bay  
  34  4:06  SCV  
  35  4:18  SCV  
  33  4:31  SCV  
  34  4:42  Marine x3  
  35  4:54  Marine  
  35  4:56  Factory Tech Lab  
  35  4:57  Starport  
  35  4:59  SCV, Marine  
  34  5:00  Marine  
  34  5:03  Missile Turret  
  36  5:07  Orbital Command  
  36  5:09  Missile Turret  
  36  5:12  SCV  
  37  5:16  Missile Turret  
  36  5:24  Marine x2  
  37  5:35  Missile Turret  
  37  5:36  Marine x2  
  37  5:42  Marine  
  40  5:48  SCV x2, Marine  
  43  5:50  Banshee, Cloaking Field  
  43  5:51  Starport  
  43  5:52  Widow Mine  
  43  5:54  Marine  
  43  5:55  Hi-Sec Auto Tracking  
  49  6:00  SCV x2  
  49  6:01  Marine  
  52  6:06  Combat Shields, Stimpack  
  52  6:12  SCV  
  52  6:13  SCV  
  54  6:24  SCV, Factory Reactor  
  54  6:25  SCV  
  56  6:32  Viking  
  58  6:36  Banshee  
  58  6:37  Marine  
  62  6:43  Supply Depot  
  62  6:46  Supply Depot  
  62  6:50  Marine x3  
  62  6:51  SCV x2  
  67  6:55  Marine  
  67  6:57  Supply Depot  
  67  6:59  Refinery  
  67  7:01  Refinery  
  66  7:03  SCV x2  
  68  7:09  Marauder  
  68  7:15  SCV  
  71  7:39  Banshee  
  74  7:54  Hellion  
  74  7:55  Viking x2, Marine x2  
  74  7:56  Marauder, Marine  
  82  7:59  Supply Depot  
  82  8:01  SCV  
  82  8:05  Command Center  
  83  8:14  SCV, Marauder  
  83  8:19  Factory Tech Lab  
  86  8:28  SCV  
  87  8:46  Siege Tank, Marine x3  
  87  8:47  Marine  
  94  8:49  Banshee  
  94  8:50  Viking  
  96  9:17  SCV x2  
  96  9:24  Marine x4  
  100  9:29  SCV x2, Siege Tank  
  100  9:30  Barracks  
  100  9:31  Barracks  
  107  9:33  Factory  
  107  9:34  Supply Depot  
  107  9:35  Supply Depot  
  107  9:37  Supply Depot  
  104  9:41  Marine  
  104  9:44  Orbital Command  
  105  9:46  SCV x2  
  105  9:47  Refinery  
  105  9:50  Banshee  
  110  9:54  Medivac x2  
  110  9:58  SCV  
  112  10:14  Hellion  
  112  10:16  Marine x2  
  112  10:17  Marine x2, Marauder  
  120  10:24  SCV x3, Medivac  
  120  10:26  Refinery, Marine  
  126  10:31  Command Center  
  126  10:32  Concussive Shells  
  126  10:33  Marine  
  126  10:34  Missile Turret, Marine  
  128  10:36  SCV, Hellion, Engineering Bay  
  128  10:38  Barracks Reactor, Marauder  
  128  10:40  Barracks Reactor  
  133  10:43  Engineering Bay  
  133  10:44  Marine  
  134  10:53  SCV  
  134  10:54  SCV  
  136  10:57  Siege Tank  
  136  11:00  Marauder  
  141  11:05  SCV  
  141  11:06  Marine x2  
  141  11:09  Factory Tech Lab  
  141  11:10  Banshee  
  147  11:11  Medivac  
  147  11:17  Terran Infantry Weapons Level 1, Terran Infantry Armor Level 1  
  149  11:19  Supply Depot  
  149  11:25  Supply Depot x3  
  149  11:29  Supply Depot, Siege Tank  
  149  11:30  Supply Depot, Siege Tank  
  149  11:32  Medivac  
  149  11:55  SCV x2  
  151  12:05  Command Center  
  151  12:30  Siege Tank x2  
  157  12:43  Marine x2  
  159  12:47  Command Center  
  159  12:57  Command Center  
  159  12:59  Orbital Command  
  159  13:02  Refinery, Marine x8  
  159  13:04  Siege Tank x2  
  159  13:05  Refinery  
  173  13:19  Marine  
  173  13:20  Marine x2  
  173  13:21  Marauder x2  
  180  13:29  Refinery  
  180  13:31  Orbital Command  
  180  13:34  Marine  
  180  13:35  Marine  
  180  13:40  Barracks  
  182  13:41  Barracks  
  182  13:44  Barracks  
  182  13:55  SCV  
  183  13:58  Refinery  
  183  14:03  Planetary Fortress  
  183  14:09  Refinery  
  183  14:14  Marine x2  
  183  14:15  Marauder  
  187  14:26  Marine  
  187  14:27  Marine  
  187  14:28  Marauder  
  191  14:34  Marine  
  191  14:35  Marine  
  191  14:36  Marauder  
  195  14:39  Orbital Command  
  195  14:45  Command Center  
  195  14:49  Marauder  
  197  14:53  Missile Turret  
  197  14:58  Marauder  
  195  15:30  Marine x2  
  195  15:31  Marauder x2  
  184  15:55  Marine x7  
  184  15:56  Marauder  
  184  16:12  Marine  
  184  16:14  Marauder  
  184  16:15  Barracks Tech Lab x2  
  184  16:17  Marauder  
  189  16:27  Armory, Barracks Tech Lab  
  189  16:29  Orbital Command  
  189  16:35  Marauder, Marine x3  
  189  16:36  Marauder x2  
  189  16:39  Marauder  
  200  16:45  Missile Turret  
Show
View Real Time Build Order
Export as new Build Order

PrimoPolanco Terran 

Build Orders: 1/1/1, Liberator Opening 

Get SALT Encoding   

  12  0:00  SCV  
  13  0:13  SCV  
  14  0:18  Supply Depot  
  14  0:25  SCV  
  15  0:31  Refinery  
  15  0:41  Barracks  
  15  0:45  SCV  
  16  0:57  SCV  
  16  1:01  Refinery  
  17  1:09  SCV  
  18  1:17  Supply Depot  
  18  1:21  SCV  
  19  1:28  Marine  
  20  1:33  Factory  
  20  1:38  SCV  
  21  1:46  Marine  
  22  1:52  SCV  
  23  2:03  Marine  
  23  2:04  Orbital Command  
  24  2:18  Starport  
  24  2:19  Factory Tech Lab  
  24  2:23  Marine  
  25  2:30  SCV  
  26  2:46  SCV  
  26  2:47  Siege Tank  
  26  2:48  Supply Depot  
  30  2:52  Marine  
  31  3:01  Supply Depot  
  31  3:10  Medivac  
  33  3:16  Marine  
  34  3:31  Liberator  
  34  3:34  Siege Tank  
  37  3:45  Command Center  
  37  3:50  SCV  
  41  4:06  SCV  
  42  4:11  Siege Tank  
  45  4:17  Factory  
  38  4:52  Siege Tank  
  34  5:07  Factory Tech Lab  
  34  5:41  Siege Tank  
  34  5:42  Siege Tank  
  35  5:44  Medivac  
  35  5:48  SCV, Refinery  
  38  6:00  SCV  
  39  6:11  Liberator  
  39  6:12  SCV  
  39  6:13  Orbital Command  
  40  6:21  Siege Tank  
  40  6:24  SCV  
  47  6:36  SCV  
  48  6:42  SCV  
  49  6:54  SCV  
  50  7:06  SCV  
  51  7:13  Engineering Bay  
  50  7:18  SCV  
  47  7:31  SCV  
  45  7:40  Viking  
  45  7:55  Missile Turret  
  45  7:56  SCV x2  
  44  8:09  Missile Turret  
  44  8:16  Marine  
  44  8:18  Viking  
  44  8:38  SCV x2  
  42  8:54  Starport  
  42  8:58  SCV x2  
  41  9:10  SCV x2  
  43  9:20  Viking  
  43  9:22  SCV x2  
  47  9:27  Siege Tank  
  47  9:28  Siege Tank  
  53  9:34  SCV  
  54  9:41  Starport Tech Lab  
  54  9:44  Refinery  
  54  9:46  SCV  
  55  9:58  SCV  
  56  10:02  Missile Turret  
  56  10:05  SCV  
  57  10:08  Missile Turret  
  57  10:10  SCV  
  58  10:17  SCV, Viking  
  58  10:19  Factory Tech Lab  
  58  10:20  Factory Tech Lab  
  61  10:22  SCV, Barracks Tech Lab  
  62  10:29  Missile Turret  
  62  10:36  Missile Turret  
  62  10:43  Supply Depot  
  62  10:49  Supply Depot  
  62  10:50  Supply Depot  
  62  10:52  Fusion Core  
  62  11:05  SCV x2  
  64  11:17  SCV x2  
  66  11:29  Command Center, SCV x2  
  62  11:55  Viking  
  62  11:58  Armory  
  64  12:01  SCV x2  
  66  12:12  Raven  
  66  12:13  SCV  
  69  12:16  SCV  
  70  12:26  SCV  
  71  12:30  Factory  
  71  12:33  Siege Tank  
  71  12:34  Missile Turret  
  71  12:35  Starport Reactor  
  74  12:42  Armory  
  74  12:49  Thor  
  80  12:53  Orbital Command  
  80  12:54  Refinery  
  81  12:58  SCV  
  81  12:59  Refinery  
  81  13:12  Viking  
  83  13:13  Viking  
  85  13:41  Command Center  
  85  13:56  Barracks Tech Lab  
  85  13:58  Factory Tech Lab  
  85  13:59  Thor x2  
  97  14:05  Advanced Ballistics  
  97  14:08  SCV x2  
  99  14:12  SCV  
  100  14:35  Missile Turret  
  100  14:36  Liberator  
  98  14:50  Viking  
  98  14:52  Viking  
  102  14:58  Supply Depot  
  102  14:59  Orbital Command  
  105  15:06  Missile Turret  
  105  15:10  Siege Tank x2  
  111  15:15  Refinery  
  111  15:19  Thor, Refinery  
  111  15:20  Factory  
  105  16:01  Orbital Command  
  105  16:09  SCV x2  
  107  16:16  Thor  
  107  16:17  Thor  
  107  16:18  Siege Tank  
  122  16:20  Starport Reactor  
  122  16:21  SCV  
  123  16:31  Missile Turret  
  124  16:50  Missile Turret  
  120  16:54  Missile Turret  
Tags
 
Add a new tag
Caveats
  • Supply blocks, unpowered buildings, or Contaminate may cause inaccurate times.
  • Supply counts are checked every 10 seconds.